 Dungeon Crawl Stone Soup version 0.26-a0-611-g354ed81502 (webtiles) character file.

Game seed: 8088530719286054821

9151 nemuritori the Blocker (level 11, 0/83 HPs)
             Began as a Demonspawn Fighter on Sept 6, 2020.
             Was an Elder of Jiyva.
             Succumbed to a redback's poison
             ... on level 3 of the Lair of Beasts.
             The game lasted 01:01:47 (9064 turns).

nemuritori the Blocker (Demonspawn Fighter)         Turns: 9064, Time: 01:01:47

Health: 0/83       AC: 12    Str: 16    XL:     11   Next: 19%
Magic:  7/11       EV: 17    Int:  8    God:    Jiyva [****..]
Gold:   155        SH:  5    Dex: 16    Spells: 10/10 levels left

rFire    + + +     SeeInvis .   v - +9 great sword of Magnificence {vorpal, rF+++}
rCold    + . .     Faith    .   (shield currently unavailable)
rNeg     . . .     Spirit   .   b - +0 scale mail
rPois    .         Reflect  +   o - +0 helmet
rElec    .         Harm     .   i - scarf {+Inv}
rCorr    +                      (no gloves)
MR       .....                  w - +1 pair of boots {Fly}
Stlth    ++........             k - amulet of reflection
HPRegen  0.23/turn              (no ring)
MPRegen  0.12/turn              (no ring)

@: lethally poisoned (0 -> -41), flying
A: claws 2, cold resistance 1, dopey 1, powered by death 1, powered by pain 1,
acidic bite, gelatinous body 2, tendrils, sturdy frame 2
a: Request Jelly, Slimify, Renounce Religion, Evoke Invisibility, Stop Flying


You were on level 3 of the Lair of Beasts.
You worshipped Jiyva.
Jiyva was greatly pleased with you.
You visited 2 branches of the dungeon, and saw 13 of its levels.

You collected 335 gold pieces.
You spent 180 gold pieces at shops.

Inventory:

Hand Weapons
 g - the +5 spear of Disgust {speed, *Contam MP+9 Dex-3 SInv}
   (You found it on level 5 of the Dungeon)

   Attacks with this weapon are significantly faster.
   It affects your dexterity (-3).
   It affects your magic capacity (+9).
   It lets you see invisible.
   It causes magical contamination when unequipped.
 h - a +3 short sword of freezing
 s - a +0 scythe
 v - the +9 great sword of Magnificence (weapon) {vorpal, rF+++}
   (You found it on level 2 of the Lair of Beasts)

   It inflicts extra damage upon your enemies.
   It renders you almost immune to fire.
 A - a cursed +0 dagger
 B - a +0 war axe of venom
Armour
 b - a +0 scale mail (worn)
 c - a +0 kite shield
 i - a scarf of invisibility (worn)
 o - a +0 helmet (worn)
 w - a +1 pair of boots of flying (worn)
Jewellery
 k - an amulet of reflection (around neck)
Wands
 d - a wand of enslavement (8)
 p - a wand of acid (4)
 y - a wand of iceblast (8)
 z - a wand of random effects (30)
 C - a wand of paralysis (7)
 D - a wand of disintegration (5)
Scrolls
 a - 2 scrolls of remove curse
 j - a scroll of magic mapping {unknown}
 l - 2 scrolls of blinking
 m - 3 scrolls of identify
 t - a scroll of summoning {unknown}
 x - a scroll of random uselessness
Potions
 e - a potion of lignification
 f - 3 potions of berserk rage
 n - a potion of brilliance {unknown}
 u - 5 potions of curing {unknown}
Miscellaneous
 r - a condenser vane (2/2)


   Skills:
 + Level 6.5 Fighting
 + Level 3.2 Long Blades
 + Level 4.8(6.8) Axes
 + Level 7.5(8.2) Polearms
 + Level 5.3 Armour
 + Level 5.9 Dodging
 + Level 1.7 Stealth
 + Level 9.2 Shields
 + Level 1.0 Evocations


You had 10 spell levels left.
You didn't know any spells.
Your spell library contained the following spells:

 Spells                   Type           Power        Failure   Level
 Magic Dart               Conj           #...         54%         1
 Searing Ray              Conj           #.....       69%         2
 Dazzling Flash           Conj/Hex       #.....       89%         3
 Fulminant Prism          Conj/Hex       #.........   100%        4
 Iskenderun's Mystic Bla  Conj/Tloc      #.......     100%        4


Dungeon Overview and Level Annotations

Branches:
Dungeon (10/15)            Temple (0/1) D:5            Lair (3/6) D:10
 Shoals (0/4) Lair:3       Spider (0/4) Lair:3
    Orc: D:9-12

Altars:
Cheibriados
Dithmenos
Elyvilon
Fedhas
Hepliaklqana
Ru
Trog
Wu Jian
Yredelemnul
Jiyva

Shops:
D:4 (   D:7 *=(


Innate Abilities, Weirdness & Mutations

You have very sharp fingernails.
Your flesh is cold resistant. (rC+)
You regenerate a little health from kills.
You sometimes gain a little power by taking damage.
Your movements are less encumbered by armour. (ER -4)
You are dopey. (Int -2)
You have acidic saliva.
Your pliable body absorbs attacks. (AC +2, EV +2)
You are covered in slimy tendrils that may disarm your opponents.


Message History

You feel extremely sick. The redback barely misses you. The redback misses you.
The redback closely misses you.
You riposte.
You closely miss the redback. You bite the redback, but do no damage.
The redback is moderately wounded.
You completely miss the redback. You bite the redback, but do no damage.
The redback is moderately wounded.
* * * LOW HITPOINT WARNING * * *
You feel extremely sick. The redback bites you.
* * * LOW HITPOINT WARNING * * *
The redback barely misses you.
A thick mucus forms on the +9 great sword of Magnificence {vorpal, rF+++}.
You will no longer expel jellies when injured.
You can no longer call upon Jiyva to remove your harmful mutations.
* * * LOW HITPOINT WARNING * * *
You feel very sick.
The redback bites you but does no damage.
The redback quivers uncontrollably and liquefies into a slime creature!
You die...

..#....# ..^^^ .......
###....# ..^^.# ....P..
###....# #.^...# ...P..
#.##...# .^...##....#
.....### ........# ..†..##
#######†.....# #
......####...#.##.....#.#.
.....##.........#J........
.##.#...........@.........
# ###.....................
#.....................
###P##.#..##.##..##.##
############ ### #


You could see a neutral slime creature (fellow slime).

Vanquished Creatures
  A merfolk siren (Lair:3)
  5 cane toads (Lair:1)
  A komodo dragon (Lair:2)
  A jumping spider (Lair:3)
  A blink frog (Lair:3)
  3 hippogriffs
  Sigmund (D:3)
  A redback (Lair:3)
  15 yaks
  3 porcupines
  7 water moccasins
  An orc warrior (D:10)
  2 sky beasts
  An ice beast (D:9)
  4 black bears
  A phantom (D:10)
  2 ogres
  A necrophage (D:9)
  A wolf (Lair:1)
  5 crocodiles
  4 bullfrogs
  3 scorpions
  7 killer bees
  A howler monkey (D:4)
  A wight (D:10)
  2 centaur zombies
  A bullfrog zombie (D:5)
  2 gnoll shamans
  2 bullfrog skeletons (D:10)
  A hound (D:9)
  2 orc wizards (D:9)
  An iguana (D:5)
  3 worker ants
  A killer bee zombie (D:6)
  A hound skeleton (D:6)
  7 adders
  6 gnolls
  A shadow imp (D:5)
  2 white imps
  2 oozes
  2 worms (D:2)
  A dart slug (D:1)
  2 leopard geckos
  6 orcs
  5 giant cockroaches
  7 goblins
  9 hobgoblins
  3 jackals (D:4)
  10 kobolds
  2 quokkas (D:2)
  A ball python (D:1)
  4 bats
  4 frilled lizards
  A leopard gecko skeleton (D:4)
  10 rats
174 creatures vanquished.

Vanquished Creatures (others)
  A cane toad (Lair:2)
  A hornet (D:7)
  2 hippogriffs
  A yak (Lair:1)
  A porcupine (Lair:1)
  An ice beast (D:9)
  A wolf (Lair:1)
  A big kobold (D:7)
  4 bullfrogs
  3 scorpions (D:7)
  A water moccasin skeleton (D:8)
  3 wights (D:10)
  A bullfrog zombie (D:5)
  2 hounds
  An orc priest (D:10)
  A bullfrog skeleton (D:5)
  35 jellies
  2 orc wizards (D:10)
  Ijyb (D:3)
  An iguana (D:9)
  A worker ant (D:5)
  A hound skeleton (D:5)
  Robin (D:3)
  3 adders
  A gnoll (D:7)
  2 howler monkey skeletons
  A shadow imp (D:8)
  2 ufetubi
  An adder zombie (D:7)
  A worm (D:5)
  A dart slug (D:3)
  A leopard gecko (D:3)
  10 orcs
  A giant cockroach (D:3)
  5 hobgoblins (D:3)
  8 jackals
  9 goblins (D:3)
  6 kobolds (D:7)
  A leopard gecko zombie (D:5)
  A rat (D:3)
  31 fungi
  43 plants
195 creatures vanquished.

Grand Total: 369 creatures vanquished

Notes
Turn   | Place    | Note
-------+----------+-------------------------------------------
     0 | D:1      | nemuritori the Demonspawn Fighter began the quest for the
                  | Orb.
     0 | D:1      | Reached XP level 1. HP: 18/18 MP: 1/1
    71 | D:1      | Gained mutation: You sometimes gain a little power by
                  | taking damage. [demonic ancestry]
    71 | D:1      | Reached XP level 2. HP: 20/24 MP: 2/2
   169 | D:1      | Reached skill level 3 in Shields
   253 | D:1      | Gained mutation: You have sharp fingernails. [demonic
                  | ancestry]
   253 | D:1      | Reached XP level 3. HP: 29/29 MP: 3/3
   762 | D:2      | Gained mutation: Your movements are slightly less
                  | encumbered by armour. (ER -2) [demonic ancestry]
   762 | D:2      | Reached XP level 4. HP: 28/35 MP: 4/4
  1504 | D:2      | Found a faded altar of an unknown god.
  1534 | D:2      | Became a worshipper of Jiyva Jealodgh the Shapeless
  1534 | D:2      | Reached * piety under Jiyva
  1861 | D:3      | Noticed Sigmund
  1873 | D:3      | Killed Sigmund
  1873 | D:3      | Reached skill level 1 in Dodging
  1873 | D:3      | Gained mutation: You regenerate a little health from kills.
                  | [demonic ancestry]
  1873 | D:3      | Reached XP level 5. HP: 33/42 MP: 5/5
  1873 | D:3      | Gained mutation: Your movements are less encumbered by
                  | armour. (ER -4) [demonic ancestry]
  1873 | D:3      | Reached XP level 6. HP: 38/48 MP: 6/6
  2015 | D:3      | Reached ** piety under Jiyva
  2063 | D:3      | Killed Robin
  2065 | D:3      | Reached *** piety under Jiyva
  2094 | D:3      | Gained mutation: Your flesh is cold resistant. (rC+)
                  | [Jiyva's grace]
  2318 | D:3      | Killed Ijyb
  2337 | D:3      | Found a sacrificial altar of Ru.
  2411 | D:4      | Gained mutation: Your rubbery body absorbs attacks. (AC +1,
                  | EV +1) [Jiyva's grace]
  2440 | D:4      | Found a hazy altar of Hepliaklqana.
  2475 | D:4      | Reached **** piety under Jiyva
  2829 | D:4      | Found Plog's Weapon Boutique.
  2873 | D:5      | Entered Level 5 of the Dungeon
  2885 | D:5      | Noticed a sky beast
  2920 | D:5      | Killed a sky beast
  2968 | D:5      | Gained mutation: Your magical capacity is low. (-10% MP)
                  | [Jiyva's grace]
  3103 | D:5      | Got a warped spear
  3142 | D:5      | Found a staircase to the Ecumenical Temple.
  3218 | D:5      | Mutation became permanent: Your flesh is cold resistant.
                  | (rC+) [demonic ancestry]
  3218 | D:5      | Gained mutation: Your flesh is cold resistant. (rC+)
                  | [demonic ancestry]
  3218 | D:5      | Reached XP level 7. HP: 38/54 MP: 6/6
  3242 | D:5      | Identified the +5 spear of Disgust {speed, *Contam MP+9
                  | Dex-3 SInv} (You found it on level 5 of the Dungeon)
  3307 | D:5      | Found a snail-covered altar of Cheibriados.
  3325 | D:5      | Found a shadowy altar of Dithmenos.
  3567 | D:6      | Found a blossoming altar of Fedhas.
  4010 | D:7      | Reached skill level 4 in Shields
  4045 | D:7      | Reached skill level 1 in Polearms
  4115 | D:7      | Gained mutation: You have acidic saliva. [Jiyva's grace]
  4121 | D:7      | Reached ***** piety under Jiyva
  4231 | D:7      | Found Watwaakh's Jewellery Shop.
  4296 | D:7      | Found Cotoi's Antique Weapon Shoppe.
  4349 | D:7      | Found a hazy altar of Hepliaklqana.
  4381 | D:7      | Found Waumnawu's Assorted Antiques.
  4393 | D:7      | Noticed a hornet
  4409 | D:7      | Paralysed by a hornet for 2 turns
  4412 | D:7      | Killed a hornet
  4412 | D:7      | Gained mutation: You have very sharp fingernails. [demonic
                  | ancestry]
  4412 | D:7      | Reached XP level 8. HP: 32/61 MP: 7/7
  4603 | D:7      | Bought a pair of runed boots for 180 gold pieces
  4870 | D:8      | Found an ornate altar of the Wu Jian Council.
  4946 | D:8      | Found a bloodstained altar of Trog.
  4946 | D:8      | Noticed a hippogriff
  4953 | D:8      | Reached skill level 5 in Shields
  4965 | D:8      | Noticed a hippogriff
  4975 | D:8      | Killed a hippogriff
  4983 | D:8      | Killed a hippogriff
  4983 | D:8      | Reached skill level 5 in Fighting
  4983 | D:8      | Reached skill level 1 in Stealth
  4988 | D:8      | Lost mutation: Your magical capacity is low. (-10% MP)
                  | [Jiyva's grace]
  5306 | D:9      | Noticed Psyche
  5312 | D:9      | Paralysed by Psyche for 6 turns
  5320 | D:9      | Slimified Psyche
  5320 | D:9      | Noticed Psyche
  5320 | D:9      | Psyche changed into Psyche the slime creature
  5363 | D:9      | Gained mutation: Your flesh is very cold resistant. (rC++)
                  | [Jiyva's grace]
  5365 | D:9      | Found a viscous altar of Jiyva.
  5376 | D:9      | Reached skill level 6 in Shields
  5446 | D:9      | Reached XP level 9. HP: 64/68 MP: 9/9
  5514 | D:9      | Gained mutation: You are frail. (-10% HP) [Jiyva's grace]
  5647 | D:9      | Noticed a two-headed ogre
  5660 | D:9      | Slimified a two-headed ogre
  5660 | D:9      | Noticed an acid blob
  5660 | D:9      | a two-headed ogre changed into an acid blob
  6017 | D:9      | Found a white marble altar of Elyvilon.
  6085 | D:9      | Found a basalt altar of Yredelemnul.
  6223 | D:10     | Entered Level 10 of the Dungeon
  6267 | D:10     | Noticed a death ooze
  6267 | D:10     | a wight changed into a death ooze
  6271 | D:10     | Lost mutation: You are frail. (-10% HP) [Jiyva's grace]
  6338 | D:10     | Reached skill level 5 in Polearms
  6368 | D:10     | Lost mutation: Your flesh is very cold resistant. (rC++)
                  | [Jiyva's grace]
  6611 | D:10     | Noticed a manticore
  6627 | D:10     | Slimified a manticore
  6627 | D:10     | a manticore changed into a slime creature
  6721 | D:10     | Reached skill level 7 in Shields
  6831 | D:10     | Found a staircase to the Lair.
  6880 | D:10     | Gained mutation: You are weak. (Str -2) [Jiyva's grace]
  6881 | Lair:1   | Entered Level 1 of the Lair of Beasts
  6881 | Lair:1   | Noticed a cane toad
  6895 | Lair:1   | Killed a cane toad
  6899 | Lair:1   | Reached skill level 5 in Armour
  6899 | Lair:1   | Reached XP level 10. HP: 64/76 MP: 10/10
  7064 | Lair:1   | Noticed a cane toad
  7064 | Lair:1   | Noticed a cane toad
  7074 | Lair:1   | Noticed a cane toad
  7077 | Lair:1   | Slimified a cane toad
  7077 | Lair:1   | a cane toad changed into a slime creature
  7078 | Lair:1   | Noticed a cane toad
  7095 | Lair:1   | Killed a cane toad
  7095 | Lair:1   | Reached skill level 5 in Dodging
  7095 | Lair:1   | Reached skill level 8 in Shields
  7099 | Lair:1   | Killed a cane toad
  7201 | Lair:1   | Gained mutation: You are dopey. (Int -2) [Jiyva's grace]
  7335 | Lair:1   | Killed a cane toad
  7335 | Lair:1   | Reached skill level 1 in Evocations
  7348 | Lair:1   | Noticed a cane toad
  7367 | Lair:1   | Killed a cane toad
  7643 | Lair:1   | Lost mutation: You are weak. (Str -2) [Jiyva's power]
  7925 | Lair:2   | Got an ichor-stained great sword
  7926 | Lair:2   | Identified the +9 great sword of Magnificence {vorpal,
                  | rF+++} (You found it on level 2 of the Lair of Beasts)
  7937 | Lair:2   | Gained mutation: Your magical capacity is low. (-10% MP)
                  | [mutagenic glow]
  7966 | Lair:2   | Gained mutation: Your pliable body absorbs attacks. (AC +2,
                  | EV +2) [Jiyva's grace]
  7975 | Lair:2   | Reached skill level 9 in Shields
  8109 | Lair:2   | Noticed a six-headed hydra
  8121 | Lair:2   | Slimified a six-headed hydra
  8121 | Lair:2   | a six-headed hydra changed into a slime creature
  8124 | Lair:2   | Reached skill level 1 in Long Blades
  8469 | Lair:2   | Killed a cane toad
  8515 | Lair:3   | Found a staircase to the Shoals.
  8516 | Lair:3   | Noticed a merfolk siren
  8534 | Lair:3   | Killed a merfolk siren
  8534 | Lair:3   | Reached XP level 11. HP: 49/82 MP: 9/9
  8623 | Lair:3   | Lost mutation: Your magical capacity is low. (-10% MP)
                  | [Jiyva's grace]
  8942 | Lair:3   | Gained mutation: You are covered in slimy tendrils that may
                  | disarm your opponents. [Jiyva's grace]
  9052 | Lair:3   | Found a hole to the Spider Nest.
  9064 | Lair:3   | Succumbed to a redback's poison

Illustrated notes

Levels and vault maps discovered:
D:1:      saegor_arrival_simple_d, layout_rooms, minmay_misc_feat_hallway,
          serial_bayou_pond_c, serial_bayou_ford_a
D:2:      kennysheep_big_flooded_room, layout_rooms,
          chequers_ecumenical_altar_island, chequers_serial_rivers_room_b
D:3:      layout_loops_ring, lemuel_coloured_pillars_altar, uniq_sigmund,
          uniq_robin, uniq_ijyb
D:4:      layout_basic, lemuel_round_altar, serial_shops, shop
D:5:      layout_loops_cross, minitemple, minmay_temple_entry_slanted,
          uniq_crazy_yiuf_cottage
D:6:      layout_basic, fedhas_altar_1
D:7:      layout_basic, basic_altar, serial_shops, kennysheep_mini_moat,
          shop_statue, shop, shop
D:8:      layout_loops_ring, trog_ov_bears_minmay,
          nicolae_overflow_crystal_walls, uniq_joseph
D:9:      layout_long_grid, kennysheep_ying_yang, jiyva_altar_1, uniq_psyche
D:10:     layout_grid_maze, grunt_lair_entry_orc_guard_hut, uniq_harold
Lair:1:   layout_regular_city, beast_lair_carwin_3
Lair:2:   layout_regular_city, enter_volcano_2, grunt_megastairs_4
Lair:3:   layout_cellular_growth, minmay_shoals_entry_lonely_mermaid,
          spider_nest_entry_funnel_web, beast_lair_carwin_10

Skill      XL: |  1  2  3  4  5  6  7  8  9 10 11 |
---------------+----------------------------------+-----
Axes           | 2 4 |  4.8
Shields        | 3 4 6 7 9 |  9.2
Armour         | 3 4 5 |  5.3
Dodging        | 1 2 3 4 5 |  5.9
Fighting       | 4 5 6 |  6.5
Polearms       | 2 4 5 7 |  7.5
Stealth        | 1 |  1.7
Evocations     | 1 |  1.0
Long Blades    | 1 3 |  3.2

Action                   |  1- 3 |  4- 6 |  7- 9 | 10-12 || total
-------------------------+-------+-------+-------+-------++-------
Melee: War axe           |    84 |   177 |       |       ||   261
       Spear             |       |       |   461 |   200 ||   661
       Bite              |       |       |    50 |    27 ||    77
       Great sword       |       |       |       |    66 ||    66
Invok: Request Jelly     |       |     6 |     7 |       ||    13
       Slimify           |       |       |     6 |     6 ||    12
       Cure Bad Mutation |       |       |       |     1 ||     1
 Abil: Evoke Invisibilit |       |     1 |       |     1 ||     2
  Use: Scroll            |       |     8 |     4 |     2 ||    14
       Potion            |       |     5 |     1 |     1 ||     7
Armor: Scale mail        |    48 |    82 |   115 |    47 ||   292
Dodge: Dodged            |    25 |    72 |   117 |   137 ||   351
Block: Kite shield       |    45 |   131 |   298 |   135 ||   609
       Reflection        |       |       |     5 |       ||     5
       Other             |       |       |       |    14 ||    14
       Rpst.: Great sword |       |       |       |    31 ||    31

Table legend: (Time is in decaauts)
 A = Elapsed time spent in this place.
 B = Non-inter-level travel time spent in this place.
 C = Inter-level travel time spent in this place.
 D = Time resting spent in this place.
 E = Time spent auto-exploring this place.
 F = Levels seen in this place.
 G = Mean time per level.
                   A        B        C        D        E       F      G
               +--------+--------+--------+--------+--------+-----+--------+
         Total |   8961 |   8961 |      0 |   2523 |      0 |  13 |  689.3 |
       Dungeon |   6851 |   6851 |      0 |   1674 |      0 |  10 |  685.1 |
          Lair |   2110 |   2110 |      0 |    848 |      0 |   3 |  703.3 |
               +--------+--------+--------+--------+--------+-----+--------+

Top non-repeatable levels by time:
     D:2: 1462 daAuts
     D:9: 856 daAuts
  Lair:2: 853 daAuts
     D:7: 791 daAuts
  Lair:1: 701 daAuts
     D:5: 678 daAuts
     D:3: 597 daAuts
    D:10: 595 daAuts
  Lair:3: 555 daAuts
     D:8: 506 daAuts
     D:4: 499 daAuts
     D:6: 441 daAuts
     D:1: 421 daAuts
